 Dungeon Crawl Stone Soup version 0.27.0-66-gdc8fb28755 (webtiles) character file.

Game seed: 575603742768084917

1745 Kinoniko the Grappler (level 8, 2/74 HPs)
             Began as a Troll Berserker on Aug 20, 2021.
             Was an Elder of Trog.
             Quit the game on level 6 of the Dungeon.
             The game lasted 00:04:00 (4166 turns).

Kinoniko the Grappler (Troll Berserker)             Turns: 4166, Time: 00:04:01

Health: 2/74       AC:  4    Str: 32    XL:     8   Next: 77%
Magic:  7/7        EV: 11    Int:  5    God:    Trog [****..]
Gold:   307        SH:  0    Dex:  9    Spells: 7/7 levels left

rFire    . . .     SeeInvis .     - Unarmed
rCold    . . .     Faith    .   (no shield)
rNeg     + . .     Spirit   .   a - +0 animal skin
rPois    .         Reflect  .   (helmet restricted)
rElec    .         Harm     .   (no cloak)
rCorr    .         Rampage  .   (gloves unavailable)
Will     .....                  (boots unavailable)
Stlth    ++........             (no amulet)
HPRegen  1.22/turn              s - ring of the Moon {rN+ Str+6 Stlth+}
MPRegen  0.10/turn              (no ring)

@: lethally poisoned (2 -> -32)
A: large, unfitting armour, claws 3, regeneration 1, shaggy fur 1, tough skin 1
a: Renounce Religion, Berserk, Trog's Hand, Brothers in Arms


You were on level 6 of the Dungeon.
You worshipped Trog.
Trog was greatly pleased with you.
You visited 1 branch of the dungeon, and saw 6 of its levels.

You collected 307 gold pieces.

Inventory:

Armour
 a - a +0 animal skin (worn)
Jewellery
 s - the ring of the Moon (left claw) {rN+ Str+6 Stlth+}
   (You found it on level 6 of the Dungeon)

   [ring of positive energy]

   Str:       It affects your strength (+6).
   rN:        It protects you from negative energy.
   Stlth:     It makes you more stealthy.
Scrolls
 b - a scroll of amnesia
 e - a scroll of enchant weapon {unknown}
 m - a scroll of identify
 o - 2 scrolls of teleportation
 p - a scroll of fear
 u - a scroll of vulnerability {unknown}
Potions
 c - a potion of resistance {unknown}
 d - a potion of attraction {unknown}
 f - a potion of lignification {unknown}
 g - 2 potions of haste {unknown}
 h - a potion of berserk rage {unknown}
 i - 2 potions of flight {unknown}
 j - 2 potions of mutation {unknown}
 k - 3 potions of curing {unknown}
 l - a potion of might {unknown}
 n - a potion of cancellation {unknown}
 q - a potion of brilliance {unknown}
 r - a potion of heal wounds {unknown}
 t - 3 potions of degeneration {unknown}


   Skills:
 - Level 2.4 Fighting
 + Level 6.0 Dodging
 * Level 9.7 Unarmed Combat


You had 7 spell levels left.
You didn't know any spells.
Your spell library was empty.

Dungeon Overview and Level Annotations

Branches:
Dungeon (6/15)
 Temple: D:4-7

Altars:
Dithmenos
Vehumet
Zin
Beogh


Innate Abilities, Weirdness & Mutations

You are too large for most types of armour.
You have claws for hands.
Your natural rate of healing is unusually fast.
You are covered in fur. (AC +1)
You have tough skin. (AC +1)


Message History

Things that are here:
a +0 whip; an orc corpse A water moccasin skeleton is nearby!
An orc warrior and an electric eel come into view.
The orc warrior is wielding a +0 trident of venom.
The orc warrior shouts!
An ice beast comes into view.
The water moccasin skeleton closely misses you.
You scratch the water moccasin skeleton but do no damage.
The water moccasin skeleton barely misses you.
The electric eel shoots out a bolt of lightning at you!
The bolt of electricity hits you!
You claw the water moccasin skeleton!
The water moccasin skeleton is heavily damaged.
The water moccasin skeleton bites you.
You scratch the water moccasin skeleton.
The water moccasin skeleton is heavily damaged.
The electric eel shoots out a bolt of lightning at you!
The bolt of electricity hits you! The water moccasin skeleton bites you.
You claw the water moccasin skeleton! You claw the water moccasin skeleton.
You destroy the water moccasin skeleton!
Trog accepts your kill.
You can now call in reinforcements.
Your Dodging skill increases to level 6!
The orc warrior hits you from afar with a +0 trident of venom!
You are poisoned.
You feel very sick.
The electric eel shoots out a bolt of lightning at you!
The bolt of electricity hits the orc warrior!
The bolt of electricity hits you! x2
* * * LOW HITPOINT WARNING * * *
The orc warrior hits you with a +0 trident of venom!!
* * * LOW HITPOINT WARNING * * *
You are more poisoned.
You are too injured to fight recklessly!
You are too injured to fight recklessly!
You are too injured to fight recklessly!
You are too injured to fight recklessly!
You are too injured to fight recklessly!
Unknown command.
Are you sure you want to abandon this character and quit the game? (Confirm with "yes".)

###'#.#
###.(...###≈...≈≈..≈
.........##≈≈..≈..≈..
#.###.....##≈≈..≈..≈⌠.
##..#.##≈≈...≈.;≈.
####.....#≈≈≈..≈..≈.
.........##≈≈≈..≈..≈
..........##.o..≈...
...#...#..##@Y≈≈....
##
...#.......#........
.. # ##..#............
## S....#)...........
#..#......#.#######
#<.####.#.#.# ##
.......# ###.#.###
#.#.#


You could see an orc warrior, an ice beast and an electric eel.

Vanquished Creatures
  Grinder (D:4)
  A steam dragon (D:6)
  2 ogres (D:5)
  3 necrophages
  A water moccasin zombie (D:5)
  2 water moccasin skeletons
  5 wights (D:6)
  A centaur zombie (D:5)
  A bullfrog zombie (D:3)
  5 orc priests
  3 jellies
  4 iguanas
  An orc wizard (D:5)
  A howler monkey zombie (D:5)
  A gnoll (D:1)
  A howler monkey skeleton (D:6)
  9 adders
  An ufetubus (D:2)
  22 orcs
  3 bats
  10 endoplasms
  2 giant cockroaches (D:1)
  6 goblins
  7 hobgoblins
  4 jackals
  6 kobolds
  4 quokkas
  7 ball pythons
  2 frilled lizards
  6 rats
122 creatures vanquished.

Vanquished Creatures (others)
  An orc wizard (D:4)
1 creature vanquished.

Grand Total: 123 creatures vanquished

Notes
Turn   | Place    | Note
-------+----------+-------------------------------------------
     0 | D:1      | Kinoniko the Troll Berserker began the quest for the Orb.
     0 | D:1      | Reached XP level 1. HP: 22/22 MP: 0/0
   125 | D:1      | Reached XP level 2. HP: 29/29 MP: 1/1
   234 | D:1      | Reached ** piety under Trog
   347 | D:1      | Reached XP level 3. HP: 35/36 MP: 2/2
   542 | D:1      | Reached skill level 4 in Unarmed Combat
   744 | D:2      | Reached XP level 4. HP: 37/44 MP: 3/3
   773 | D:2      | Found a faded altar of an unknown god.
   880 | D:2      | Found a glowing silver altar of Zin.
  1314 | D:3      | Found a shadowy altar of Dithmenos.
  1480 | D:3      | Reached skill level 5 in Unarmed Combat
  1480 | D:3      | Reached XP level 5. HP: 50/50 MP: 4/4
  1480 | D:3      | Reached *** piety under Trog
  1687 | D:3      | Reached XP level 6. HP: 32/59 MP: 5/5
  1890 | D:4      | Found a radiant altar of Vehumet.
  1914 | D:4      | Reached skill level 6 in Unarmed Combat
  2212 | D:4      | Noticed Grinder
  2220 | D:4      | Killed Grinder
  2221 | D:4      | Reached skill level 7 in Unarmed Combat
  2221 | D:4      | Reached XP level 7. HP: 57/66 MP: 6/6
  2690 | D:5      | Entered Level 5 of the Dungeon
  3131 | D:5      | Reached skill level 8 in Unarmed Combat
  3166 | D:5      | Reached skill level 5 in Dodging
  3166 | D:5      | Reached XP level 8. HP: 57/74 MP: 7/7
  3797 | D:6      | Identified the ring of the Moon {rN+ Str+6 Stlth+}
  3836 | D:6      | Reached skill level 9 in Unarmed Combat
  4163 | D:6      | Reached **** piety under Trog
  4165 | D:6      | HP: 2/74 [orc warrior (18)]
  4166 | D:6      | Quit the game

Illustrated notes

Levels and vault maps discovered:
D:1:      lemuel_arrival_muddy, layout_loops_ring, minivault_26,
          minmay_misc_feat_four_crosses
D:2:      layout_rooms, shapermc_ecumenical_altar_mp_urbaneastern, basic_altar
D:3:      layout_loops_ring, nicolae_overflow_crystal_walls,
          kennysheep_orc_chapel
D:4:      layout_basic, mainiacjoe_overflow_surrounded_room, serial_glass,
          glass_columns_a, glass_columns_b, chequers_serial_rivers_large_b,
          serial_park_tiny_1, mrwooster_statue_mirror, uniq_grinder
D:5:      layout_loops_corners
D:6:      cheibrodos_helix_gallery, layout_basic, amcnicky_mini_corridor_feature

Skill      XL: |  1  2  3  4  5  6  7  8 |
---------------+-------------------------+-----
Unarmed Combat | 4 5 7 8 9 |  9.7
Dodging        | 3 4 5 6 |  6.0
Fighting       | |  2.4

Action                   |  1- 3 |  4- 6 |  7- 9 || total
-------------------------+-------+-------+-------++-------
Melee: Unarmed           |    80 |   120 |   118 ||   318
       Punch             |     1 |     2 |    10 ||    13
Invok: Berserk           |       |     1 |     2 ||     3
  Use: Scroll            |       |       |     9 ||     9
 Stab: Sleeping          |       |       |     4 ||     4
Armor: Animal skin       |    19 |    30 |    12 ||    61
Dodge: Dodged            |    44 |    48 |    35 ||   127
